 Dungeon Crawl Stone Soup version 0.30-a0-862-g1aabd4f9c5 (webtiles) character file.

Game seed: 390179353111438116

2776 ders the Thaumaturge (level 10, -1/60 HPs)
             Began as a Djinni Conjurer on Mar 10, 2023.
             Was an Initiate of Ashenzari.
             Shot with an arrow by a centaur (13 damage)
             ... on level 7 of the Dungeon.
             The game lasted 00:08:44 (7524 turns).

ders the Thaumaturge (Djinni Conjurer)              Turns: 7524, Time: 00:08:44

Health: -1/60      AC:  4    Str:  6    XL:     10   Next: 1%
Gold:   293        EV: 12    Int: 31    God:    Ashenzari [......] SH:  0 Dex: 14

rFire   + . .      SeeInvis .    m - staff of earth
rCold   . . .      Faith    .    (no shield)
rNeg    . . .      Spirit   .    a - +0 robe
rPois   ∞          Reflect  .    C - +0 helmet
rElec   .          Rampage  .    w - +0 cloak
rCorr   .                        (no gloves)
Will    +....                    (boots unavailable)
Stlth   ++                       (no amulet)
HPRegen 0.30/turn                x - ring of ice
MPRegen 0.00/turn                c - ring "Xeiceen" {rPois Int+6 Dex+3}

@: flying
A: sickness immunity, fire resistance 2, cold vulnerability 1, float, innate
caster, HP casting, extra vitality 1
a: Renounce Religion, Curse Item


You were on level 7 of the Dungeon.
You worshipped Ashenzari.
Ashenzari was noncommittal.
You visited 2 branches of the dungeon, and saw 8 of its levels.
You also visited: Ossuary.

You collected 293 gold pieces.

Inventory:

Hand Weapons
 v - a +4 quarterstaff of chaos
Missiles
 k - a throwing net
Armour
 a - a +0 robe (worn)
 w - a +0 cloak (worn)
 C - a +0 helmet (worn)
Magical Staves
 m - a staff of earth (weapon)
Jewellery
 c - the ring "Xeiceen" (right hand) {rPois Int+6 Dex+3}
   (You acquired it on level 6 of the Dungeon)

   [ring of intelligence]

   Int:       It affects your intelligence (+6).
   Dex:       It affects your dexterity (+3).
   rPois:     It protects you from poison.
 i - a +4 ring of slaying
 r - a ring of willpower
 x - a ring of ice (left hand)
Wands
 u - a wand of flame (22)
Scrolls
 e - 4 scrolls of brand weapon
 f - 2 scrolls of enchant armour
 g - a scroll of noise
 o - a scroll of poison
 t - a scroll of teleportation
 y - a scroll of fog {unknown}
 D - a scroll of magic mapping
Potions
 b - 2 potions of mutation
 d - 3 potions of attraction
 h - 2 potions of brilliance {unknown}
 j - a potion of might {unknown}
 l - 3 potions of invisibility
 n - 2 potions of lignification {unknown}
 p - a potion of flight {unknown}
 q - a potion of degeneration {unknown}
 s - 4 potions of curing
 z - a potion of heal wounds {unknown}
 A - 2 potions of haste {unknown}


   Skills:
 - Level 2.1 Dodging
 - Level 1.5 Stealth
 * Level 10.6 Spellcasting


You knew the following spells:

 Your Spells              Type           Power      Damage    Failure   Level
a - Magic Dart            Conj           100%       1d8       1%          1
b - Searing Ray           Conj           100%       2d8       1%          2
c - Dazzling Flash        Conj/Hex       100%       N/A       1%          3
d - Fulminant Prism       Conj/Hex       35%        3d18      1%          4
e - Iskenderun's Mystic   Conj/Tloc      70%        2d14      1%          4
f - Beastly Appendage     Tmut           100%       N/A       1%          1
g - Momentum Strike       Conj/Tloc      100%       3d10      1%          2
h - Gell's Gravitas       Tloc           70%        N/A       1%          3
i - Passage of Golubria   Tloc           70%        N/A       1%          4
Your spell library was empty.

Dungeon Overview and Level Annotations

Branches:
Dungeon (7/15)             Temple (1/1) D:5         Ossuary (visited)

Altars:
Ashenzari
Cheibriados
Dithmenos
Elyvilon
Fedhas
Gozag
Makhleb
Nemelex Xobeh
Okawaru
Qazlal
Trog
Uskayaw
Wu Jian
Xom
Yredelemnul
Zin
The Shining One

Shops:
D:4 :


Innate Abilities, Weirdness & Mutations

You are immune to sickness and miasma.
You are immune to poison.
Your flesh is very heat resistant. (rF++)
You are vulnerable to cold. (rC-)
You float through the air rather than walking.
You learn spells naturally, not from books.
Your magical power is your life essence.
You have superior vitality. (+4 MHP)


Message History

Okay, then.
Casting: Fulminant Prism (safe; 1% risk of failure)
Confirm with . or Enter, or press ? or * to list all spells.
Aiming: Magic Dart (safe; 1% risk of failure)
Press: ? - help, Shift-Dir - straight line, f - centaur
Aim: a centaur, wielding a +0 shortbow (moderately wounded, 100% to hit)
The magic dart hits the centaur.
The centaur is heavily wounded.
The centaur shoots an arrow.
The arrow hits you.
The centaur shoots an arrow.
The arrow hits you.
Unknown command.
Casting: Magic Dart (safe; 1% risk of failure)
Confirm with . or Enter, or press ? or * to list all spells.
Aiming: Magic Dart (safe; 1% risk of failure)
Press: ? - help, Shift-Dir - straight line, f/p - centaur
Aim: a centaur, wielding a +0 shortbow (heavily wounded, 100% to hit)
The magic dart hits the centaur.
The centaur is heavily wounded.
The centaur shoots an arrow.
The arrow hits you!
* * * LOW HITPOINT WARNING * * *
Unknown command.
Casting: Magic Dart (safe; 1% risk of failure)
Confirm with . or Enter, or press ? or * to list all spells.
Aiming: Magic Dart (safe; 1% risk of failure)
Press: ? - help, Shift-Dir - straight line, f/p - centaur
Aim: a centaur, wielding a +0 shortbow (heavily wounded, 100% to hit)
The magic dart hits the centaur.
The centaur is severely wounded.
* * * LOW HITPOINT WARNING * * *
The centaur shoots an arrow.
The arrow hits you!
* * * LOW HITPOINT WARNING * * *
The centaur shoots an arrow.
The arrow completely misses you.
Unknown command.
Okay, then.
Okay, then.
It was a potion of curing.
You feel better.
The centaur shoots an arrow.
The arrow hits you!
* * * LOW HITPOINT WARNING * * *
You feel better.
The centaur shoots an arrow.
The arrow hits you!
You die...

#++## #c..#
#... #.. #)##
##..# ##..>#
#.@### ##..#
#### ####..##
#..# ##.#...#
#.## #.....##
###..####.####
#.....##..#
#.##...#..#
#.####...##


You could see a centaur.

Vanquished Creatures
  A two-headed ogre (D:6)
  Grinder (D:4)
  Edmund (D:6)
  Menkaure (D:5)
  A water moccasin (D:7)
  An ice beast (D:6)
  A black bear (D:5)
  An orc warrior (D:5)
  An ogre (D:7)
  Blork the orc (D:4)
  A bullfrog (D:6)
  A gnoll sergeant (D:6)
  2 scorpions
  6 water moccasin zombies (Ossuary)
  2 howler monkeys
  A hound (D:4)
  3 jellies
  A sleepcap (D:6)
  Crazy Yiuf (D:4)
  4 iguanas
  An orc wizard (D:5)
  2 mummies (Ossuary)
  4 gnolls (D:6)
  7 adders
  A shadow imp (D:6)
  3 white imps
  An ufetubus (D:5)
  8 adder zombies (Ossuary)
  A worm (D:2)
  A dart slug (D:4)
  6 orcs
  3 bats
  4 endoplasms
  5 giant cockroaches
  3 gnoll zombies (Ossuary)
  7 goblins
  4 hobgoblins
  5 kobolds
  A quokka (D:4)
  6 ball pythons
  3 frilled lizards
  5 hobgoblin zombies (Ossuary)
  5 kobold zombies (Ossuary)
  3 orc zombies (Ossuary)
  6 rats
127 creatures vanquished.

Vanquished Creatures (others)
  18 fulminant prisms
18 creatures vanquished.

Grand Total: 145 creatures vanquished

Notes
Turn   | Place    | Note
-------+----------+-------------------------------------------
     0 | D:1      | ders the Djinni Conjurer began the quest for the Orb.
     0 | D:1      | ders set off with the following spells memorised: Magic
                  | Dart, Searing Ray, Dazzling Flash, Fulminant Prism,
                  | Iskenderun's Mystic Blast.
     0 | D:1      | Reached XP level 1. HP: 15/15 MP: 0/0
   143 | D:1      | Reached XP level 2. HP: 20/21 MP: 0/0
   809 | D:2      | You are sucked into a shaft and drop 1 floor!
   841 | D:3      | Reached XP level 3. HP: 18/25 MP: 0/0
   841 | D:3      | Learned a level 1 spell: Beastly Appendage
  1158 | D:2      | Found a shadowy altar of Dithmenos.
  1177 | D:2      | Reached skill level 4 in Spellcasting
  1179 | D:2      | Reached XP level 4. HP: 10/31 MP: 0/0
  2868 | D:4      | Reached XP level 5. HP: 32/35 MP: 0/0
  2868 | D:4      | Learned a level 2 spell: Momentum Strike
  2927 | D:4      | Reached skill level 5 in Spellcasting
  2981 | D:4      | Found an opulent altar of Gozag.
  2991 | D:4      | Noticed Grinder
  3005 | D:4      | Killed Grinder
  3006 | D:4      | Reached skill level 6 in Spellcasting
  3006 | D:4      | Reached XP level 6. HP: 14/40 MP: 0/0
  3108 | D:4      | Reached XP level 7. HP: 26/45 MP: 0/0
  3108 | D:4      | Learned a level 3 spell: Gell's Gravitas
  3214 | D:4      | Found a hide-covered altar of Uskayaw.
  3378 | D:4      | Found a runed translucent door.
  3379 | D:4      | Noticed Crazy Yiuf
  3605 | D:4      | Found Coruys's Book Emporium.
  3932 | D:4      | Noticed Blork the orc
  3940 | D:4      | Killed Blork the orc
  4093 | D:4      | Killed Crazy Yiuf
  4164 | D:5      | Entered Level 5 of the Dungeon
  4165 | D:5      | Found a staircase to the Ecumenical Temple.
  4630 | D:5      | Reached skill level 7 in Spellcasting
  4690 | Temple   | Entered the Ecumenical Temple
  4756 | Temple   | Became a worshipper of Ashenzari the Shackled
  4807 | D:5      | Found a bloodstained altar of Trog.
  4818 | D:5      | Reached XP level 8. HP: 14/50 MP: 0/0
  5146 | D:5      | Noticed Menkaure
  5158 | D:5      | Killed Menkaure
  5159 | D:5      | Reached skill level 8 in Spellcasting
  5420 | D:6      | Identified a scroll of acquirement
  5423 | D:6      | Acquired the ring "Xeiceen" {rPois Int+6 Dex+3}
  5710 | D:6      | Found a sand-covered staircase.
  5735 | Ossuary  | Entered an ossuary
  5753 | Ossuary  | Reached XP level 9. HP: 25/55 MP: 0/0
  5753 | Ossuary  | Learned a level 4 spell: Passage of Golubria
  6117 | Ossuary  | Reached skill level 9 in Spellcasting
  6829 | D:6      | Noticed a two-headed ogre
  6837 | D:6      | Killed a two-headed ogre
  6838 | D:6      | Reached skill level 10 in Spellcasting
  6933 | D:6      | Found a sparkling altar of Nemelex Xobeh.
  6992 | D:6      | Noticed Edmund
  7005 | D:6      | Killed Edmund
  7318 | D:6      | Found a bloodstained altar of Trog.
  7320 | D:6      | Found a shimmering altar of Xom.
  7320 | D:6      | Found a white marble altar of Elyvilon.
  7322 | D:6      | Found a glowing silver altar of Zin.
  7322 | D:6      | Found a stormy altar of Qazlal.
  7322 | D:6      | Found a burning altar of Makhleb.
  7517 | D:7      | Reached XP level 10. HP: 37/60 MP: 0/0
  7524 | D:7      | Shot with an arrow by a centaur

Illustrated notes

Levels and vault maps discovered:
D:1:      lemuel_arrival_hallway, layout_loops_ring, minmay_hedge_maze,
          minmay_tree_intersection
D:2:      layout_basic, basic_altar, minmay_hexomino_p4
D:3:      layout_basic, nicolae_hexahallways
D:4:      layout_cave_pods, mainiacjoe_overflow_brackets,
          nicolae_uskayaw_dance_hall, kennysheep_cross_bottleneck,
          nicolae_take_the_stairs, minmay_misc_feat_roman,
          uniq_crazy_yiuf_cottage, uniq_blork_the_orc, uniq_grinder
D:5:      layout_gridville, nzn_overflow_gifts_of_might_and_magic,
          temple_pool_b, uniq_menkaure
D:6:      layout_basic, doesnt_xom_only_xom, nemelex_spade_bored_becter,
          nicolae_ossuary_entry_ruins, uniq_edmund
D:7:      kennysheep_seaside_town, layout_loops_cross, kennysheep_small_square
Temple:   nicolae_temple_god_jail

Skill      XL: |  1  2  3  4  5  6  7  8  9 |
---------------+----------------------------+-----
Spellcasting   | 4 6 7 8 10 | 10.6
Dodging        | |  2.1
Stealth        | |  1.5

Action                     |  1- 3 |  4- 6 |  7- 9 | 10-12 || total
---------------------------+-------+-------+-------+-------++-------
  Melee: Staff             |       |       |     1 |       ||     1
   Cast: Magic Dart        |    37 |    82 |    44 |     3 ||   166
         Searing Ray       |     4 |    11 |    73 |       ||    88
         Fulminant Prism   |       |     1 |    16 |     1 ||    18
         Iskenderun's Myst |       |       |    18 |       ||    18
    Use: Scroll            |       |       |    14 |       ||    14
         Potion            |       |       |     2 |     2 ||     4
 Armour: Robe              |     1 |     1 |     4 |       ||     6
  Dodge: Dodged            |     6 |     4 |    20 |     1 ||    31

Table legend: (Time is in decaauts)
 A = Elapsed time spent in this place.
 B = Non-inter-level travel time spent in this place.
 C = Inter-level travel time spent in this place.
 D = Time resting spent in this place.
 E = Time spent auto-exploring this place.
 F = Levels seen in this place.
 G = Mean time per level.
                   A        B        C        D        E       F      G
               +--------+--------+--------+--------+--------+-----+--------+
         Total |   7522 |   7186 |    336 |    941 |   5512 |   9 |  835.8 |
       Dungeon |   6878 |   6560 |    318 |    766 |   5128 |   7 |  982.6 |
        Temple |     78 |     60 |     18 |      0 |     49 |   1 |   78.0 |
       Ossuary |    564 |    564 |      0 |    175 |    335 |   1 |  564.0 |
               +--------+--------+--------+--------+--------+-----+--------+

Top non-repeatable levels by time:
     D:5: 1327 daAuts
     D:4: 1299 daAuts
     D:6: 1287 daAuts
     D:2: 1042 daAuts
     D:3: 1012 daAuts
     D:1: 809 daAuts
 Ossuary: 564 daAuts
     D:7: 100 daAuts
  Temple: 78 daAuts
